 Dungeon Crawl Stone Soup version 0.19.0-19-g8c6edcc (webtiles) character file.

3795 leglesslizard the Shield-Bearer (level 9, -2/78 HPs)
             Began as a Deep Dwarf Hunter on Nov 12, 2016.
             Killed from afar by a hellion (41 damage)
             ... with damnation
             ... on level 2 of the Abyss.
             The game lasted 01:11:58 (4755 turns).

leglesslizard the Shield-Bearer (Deep Dwarf Hunter) Turns: 4755, Time: 01:11:59

Health: -2/78      AC: 20    Str: 19    XL:     9   Next: 96%
Magic:  8/8        EV:  9    Int: 10    God:
Gold:   415        SH: 20    Dex: 20    Spells: 0 memorised, 8 levels left

rFire  . . .     SeeInvis .     u - +2 scimitar (distort)
rCold  . . .     Gourm    .     k - +1 plate armour
rNeg   . . .     Faith    .     G - +1 large shield
rPois  .         Spirit   .     B - +1 helmet
rElec  .         Reflect  +     (no cloak)
rCorr  .         Harm     .     p - +1 pair of gloves
MR     +....     Rnd*Rage +     J - +1 pair of boots {Fly}
Stlth  ..........               t - +3 amulet of reflection
                                C - ring of loudness
                                m - +2 ring of dexterity

@: agile, flying, very slightly contaminated, non-regenerating, badly diseased,
invisible
A: damage resistance, recharge devices, hooves 1, berserk 1, dopey 1, sense
surroundings 2, slow regeneration 3
a: Device Recharging, Stop Flying


You were on level 2 of the Abyss.
You were full.

You visited 2 branches of the dungeon, and saw 8 of its levels.
You visited the Abyss 1 time.

You collected 415 gold pieces.

Inventory:

Hand Weapons
 a - a +2 hand crossbow
 b - a +0 short sword
 g - a +0 hunting sling
 l - a +4 flail
 q - a +0 halberd
 s - a +0 spear
 u - a +2 scimitar of distortion (weapon)
 I - a +0 trident
Missiles
 f - 45 bolts
 h - 190 stones
 v - 22 poisoned needles
 y - 65 arrows (quivered)
Armour
 c - a +0 chain mail
 k - a +1 plate armour (worn)
 p - a +1 pair of gloves (worn)
 w - a +0 ring mail
 z - a +2 animal skin
 B - a +1 helmet (worn)
 D - a +1 pair of boots
 G - a +1 large shield (worn)
 J - a +1 pair of boots of flying (worn)
 M - a +0 scale mail
Jewellery
 m - a +2 ring of dexterity (left hand)
 t - a +3 amulet of reflection (around neck)
 x - an uncursed ring of ice
 C - a ring of loudness (right hand)
Wands
 d - a wand of paralysis (6/24)
 e - a wand of heal wounds (7/9)
 i - a wand of polymorph (14/24)
 L - a wand of acid (0/15)
 N - a wand of digging (10/24)
Scrolls
 E - 4 scrolls of fear
 P - a scroll of identify
 R - a scroll of magic mapping
Potions
 j - a potion of cure mutation
 n - a potion of flight
 o - 3 potions of heal wounds
 r - a potion of mutation
 A - a potion of agility
Books
 F - a book of Minor Magic

   Spells                             Type                      Level
   a - Magic Dart                     Conjuration                  1
   b - Blink                          Translocation                2
   c - Call Imp                       Summoning                    2
   d - Repel Missiles                 Charms/Air                   2
   e - Slow                           Hexes                        2
   f - Conjure Flame                  Conjuration/Fire             3
   g - Mephitic Cloud                 Conjuration/Poison/Air       3
Comestibles
 K - 3 bread rations
 Q - 2 meat rations
 S - a slice of pizza


   Skills:
 + Level 4.0 Fighting
 + Level 5.6 Long Blades
 + Level 3.0 Maces & Flails
 + Level 1.9 Polearms
 + Level 3.5(3.9) Slings
 + Level 6.8 Crossbows
 + Level 1.8(2.6) Throwing
 + Level 5.6 Armour
 + Level 3.1 Dodging
 + Level 2.1 Stealth
 + Level 7.5 Shields
 + Level 4.6 Evocations


You had 8 spell levels left.
You didn't know any spells.

Dungeon Overview and Level Annotations

Branches:
Dungeon (7/15)             Temple (1/1) D:5

Altars:
Ashenzari
Cheibriados
Dithmenos
Elyvilon
Fedhas
Gozag
Hepliaklqana
Kikubaaqudgha
Nemelex Xobeh
Okawaru
Qazlal
Ru
Sif Muna
Trog
Uskayaw
Vehumet
Xom
Yredelemnul
Zin
The Shining One

Annotations:
D:4 Dowan, Duvessa


Innate Abilities, Weirdness & Mutations

You are resistant to damage.
You can recharge devices by infusing magical energy.
You passively map the area around you.
You do not regenerate.
You have large cloven feet.
You tend to lose your temper in combat.
You are dopey. (Int -2)


Message History

The daeva hits you with a long sword of holy wrath.
You block the daeva's attack. x2
The daeva blocks your attack.
The raiju is no longer paralysed.
You block the raiju's attack. The daeva completely misses you.
You block the daeva's attack. You block the raiju's attack.
You hit the daeva.
The daeva is devoured by a tear in reality.
Your Fighting skill increases to level 4!
Your Long Blades skill increases to level 5!
Your Stealth skill increases to level 2!
The substance of the Abyss twists violently, and a gateway leading out appears!
The raiju bursts into living lightning!
The living lightning hits you! The living lightning misses you.
The raiju blinks! x2; You block the hellion's attack.
Charge which item? (? for menu, Esc to quit)
Your wand of heal wounds (0/9) glows for a moment and now has 7 charges.
The hellion gestures at something.
The sphere of damnation explodes!
The damnation engulfs you!
Ouch! That really hurt!
You die...

. . .... # ..
.... x #...
#.... .. . #
..###. .# # .#.
..# .. .#. . ...
#... .. .... .
#.#
###.............
#.##..# .... .
... # #§@h.#
#... .#...
##§2####.###...#
. #.§#.#... ..
.# .. ##.. #
#..... ......
##. h## .... ..
... #
..#2.#.........
. ## .A. .#.
...#§ .. #
.##... # ...## .
# . ## .#. ...


You could see a hellion and a raiju.

Vanquished Creatures
  The ghost of ilikecats the Archer, a novice CeHu of Okawaru (D:6)
  The ghost of TheWoodenMan the Martial Artist, a novice OpWr (D:5)
  The ghost of slayr the Sneak, a novice KoAs (D:3)
  2 ancient zymes (Abyss:2)
  3 small abominations (Abyss:2)
  An orc warrior (D:6)
  2 sky beasts (D:6)
  A phantom (D:6)
  A crocodile (D:6)
  A bullfrog (D:6)
  3 scorpions (D:5)
  A wight (D:6)
  A howler monkey (D:6)
  2 crimson imps
  A hound (D:4)
  2 jellies
  2 orc wizards (D:6)
  An iguana (D:6)
  3 worker ants (D:5)
  A killer bee zombie (D:5)
  A worker ant zombie (D:5)
  Robin (D:2)
  3 gnolls (D:4)
  A howler monkey skeleton (D:6)
  7 adders
  A shadow imp (D:5)
  2 worms (D:2)
  A dart slug (D:2)
  2 leopard geckos
  7 orcs
  5 bats
  3 giant cockroaches
  22 goblins
  9 hobgoblins
  10 jackals
  9 kobolds
  2 ball pythons
  5 frilled lizards
  8 rats
130 creatures vanquished.

Vanquished Creatures (others)
  A daeva (Abyss:2)
  A large abomination (Abyss:2)
  A worker ant (D:6)
  An adder skeleton (D:6)
4 creatures vanquished.

Grand Total: 134 creatures vanquished

Notes
Turn   | Place    | Note
-------+----------+-------------------------------------------
     0 | D:1      | leglesslizard the Deep Dwarf Hunter began the quest for the Orb.
     0 | D:1      | Reached XP level 1. HP: 19/19 MP: 1/1
   208 | D:1      | Reached XP level 2. HP: 23/26 MP: 2/2
   400 | D:1      | Reached skill level 5 in Crossbows
   975 | D:1      | Reached XP level 3. HP: 26/32 MP: 3/3
  1150 | D:2      | Noticed Robin
  1203 | D:2      | Gained mutation: You are dopey. (Int -2) [potion of mutation]
  1203 | D:2      | Gained mutation: You tend to lose your temper in combat. [potion of mutation]
  1203 | D:2      | Gained mutation: You have large cloven feet. [potion of mutation]
  1249 | D:2      | Killed Robin
  1249 | D:2      | Reached skill level 1 in Armour
  1394 | D:2      | Learned a level 2 spell: Blink
  1550 | D:2      | Reached XP level 4. HP: 39/39 MP: 3/3
  2039 | D:3      | Noticed slayr's ghost (novice KoAs)
  2131 | D:3      | Killed slayr's ghost
  2131 | D:3      | Reached skill level 1 in Polearms
  2131 | D:3      | Reached skill level 1 in Slings
  2131 | D:3      | Reached skill level 2 in Shields
  2131 | D:3      | Reached XP level 5. HP: 32/46 MP: 4/4
  2131 | D:3      | Reached XP level 6. HP: 37/54 MP: 5/5
  2290 | D:3      | Found a hide-covered altar of Uskayaw.
  2313 | D:3      | Noticed a hand axe
  2314 | D:3      | Noticed a hand axe
  2340 | D:3      | Found a sparkling altar of Nemelex Xobeh.
  3002 | D:4      | Reached skill level 3 in Shields
  3045 | D:4      | Noticed Duvessa
  3046 | D:4      | Noticed Dowan
  3055 | D:5      | Entered Level 5 of the Dungeon
  3182 | D:5      | Found a staircase to the Ecumenical Temple.
  3203 | D:5      | Reached XP level 7. HP: 51/61 MP: 6/6
  3258 | D:5      | Reached skill level 1 in Throwing
  3433 | Temple   | Entered the Ecumenical Temple
  3679 | D:5      | Noticed TheWoodenMan's ghost (novice OpWr)
  3686 | D:5      | Killed TheWoodenMan's ghost
  3686 | D:5      | Reached skill level 1 in Maces & Flails
  3686 | D:5      | Reached skill level 4 in Shields
  3686 | D:5      | Reached XP level 8. HP: 65/69 MP: 6/8
  3751 | D:5      | Found a glowing silver altar of Zin.
  3863 | D:6      | Noticed ilikecats's ghost (novice CeHu)
  3896 | D:6      | Killed ilikecats's ghost
  3896 | D:6      | Reached skill level 5 in Shields
  4084 | D:6      | Reached skill level 1 in Long Blades
  4230 | D:6      | Found a bloodstained altar of Trog.
  4334 | D:6      | Reached skill level 5 in Armour
  4334 | D:6      | Gained mutation: You passively map the area around you. [Deep Dwarf growth]
  4334 | D:6      | Reached XP level 9. HP: 60/76 MP: 10/10
  4336 | D:6      | Identified a scroll of acquirement
  4607 | D:7      | Cast into level 2 of the Abyss (a distortion unwield)
  4607 | Abyss:2  | Found a corrupted altar of Lugonu.
  4618 | Abyss:2  | Found a radiant altar of Vehumet.
  4673 | Abyss:2  | Noticed an ancient zyme
  4682 | Abyss:2  | Reached skill level 6 in Shields
  4691 | Abyss:2  | Noticed an ancient zyme
  4698 | Abyss:2  | Noticed a large abomination
  4700 | Abyss:2  | Killed an ancient zyme
  4702 | Abyss:2  | Killed an ancient zyme
  4705 | Abyss:2  | Noticed a large abomination
  4710 | Abyss:2  | Noticed a hellion
  4729 | Abyss:2  | Noticed a daeva
  4748 | Abyss:2  | Reached skill level 7 in Shields
  4754 | Abyss:2  | Banished a daeva
  4754 | Abyss:2  | Reached skill level 5 in Long Blades
  4755 | Abyss:2  | Killed from afar by a hellion

Skill      XL: |  1  2  3  4  5  6  7  8  9 |
---------------+----------------------------+-----
Crossbows      | 5 6 |  6.8
Fighting       | 2 3 4 |  4.0
Armour         | 1 2 4 5 |  5.6
Polearms       | 1 |  1.9
Slings         | 1 3 |  3.5
Shields        | 2 3 4 5 7 |  7.5
Throwing       | 1 |  1.8
Maces & Flails | 1 3 |  3.0
Dodging        | 3 |  3.1
Evocations     | 2 4 |  4.6
Long Blades    | 1 5 |  5.6
Stealth        | 2 |  2.1

Action                   |  1- 3 |  4- 6 |  7- 9 || total
-------------------------+-------+-------+-------++-------
Melee: Hand crossbow     |     3 |       |     2 ||     5
       Spear             |    42 |    57 |       ||    99
       Flail             |       |       |    20 ||    20
       Scimitar          |       |       |   128 ||   128
 Fire: Hand crossbow     |   100 |   161 |    31 ||   292
       Hunting sling     |       |     5 |    19 ||    24
Throw: Stone             |    49 |    40 |    32 ||   121
 Abil: Device Recharging |     1 |       |     3 ||     4
Evoke: Wand              |     4 |     1 |    25 ||    30
  Use: Scroll            |     3 |    13 |     6 ||    22
       Potion            |     2 |     1 |     4 ||     7
 Stab: Invisible         |       |       |     3 ||     3
  Eat: Bread ration      |     1 |       |       ||     1
       Pizza             |       |     2 |       ||     2
       Beef jerky        |       |     1 |     2 ||     3
       Meat ration       |       |       |     1 ||     1
Armor: Leather armour    |     6 |       |       ||     6
       Ring mail         |   110 |     2 |       ||   112
       Scale mail        |       |    41 |       ||    41
       Plate armour      |       |    23 |    93 ||   116
       Chain mail        |       |    17 |       ||    17
Dodge: Dodged            |   171 |    20 |    18 ||   209
Block: Other             |    37 |       |       ||    37
       Large shield      |     4 |   190 |   212 ||   406
       Reflection        |     2 |     2 |     2 ||     6
       Rpst.: Scimitar   |       |       |     1 ||     1
